NEW YORK Rangers vs CAROLINA Hurricanes

Created - 3 avril 2024 at 14:29

Goals
1 2 3 T
NEW YORK Rangers 0 2 0 2
CAROLINA Hurricanes 0 1 0 1
Shots
1 2 3 T
NEW YORK Rangers 8 13 11 32
CAROLINA Hurricanes 13 20 8 41

1st period

No Goal

Penalties :
Justin Faulk (NYR) for Tripping (Minor) at 0:37, Jared Spurgeon (NYR) for Tripping (Minor) at 7:09

2nd period

1. NEW YORK Rangers , Justin Faulk 18 (Mats Zuccarello 19, Jamie Benn 55) at 10:51
2. NEW YORK Rangers , Justin Faulk 19 (Chris Kreider 36, Jared Spurgeon 49) at 18:25 (PP)
3. CAROLINA Hurricanes , Blake Lizotte 7 (Niko Mikkola 11, Noah Cates 7) at 18:37

Penalties :
Tyler Myers (NYR) for Roughing (Minor) at 1:46, Justin Faulk (NYR) for Delaying the game (Minor) at 7:23, Andrew Copp (NYR) for High sticking (Minor) at 13:40, Jamie Benn (NYR) for Interference (Minor) at 14:05, Brady Tkachuk (CAR) for High sticking (Minor) at 17:11, Dante Fabbro (NYR) for Interference (Minor) at 19:39

3rd period

No Goal

Penalties :
Brandon Montour (CAR) for Delaying the game (Minor) at 1:54, Blake Lizotte (CAR) for Tripping (Minor) at 7:56, Jamie Benn (NYR) for Roughing (Minor) at 17:36

Goalie Stats

Linus Ullmark (NYR), 40 saves from 41 shots - (0,976), W, 44-15-5, 60:00 minutes
Alexandar Georgiev (CAR), 30 saves from 32 shots - (0,938), L, 37-23-5, 58:44 minutes

Players Stats for NEW YORK Rangers

Player Name              G  A  P  +/- PIM S  H  SB GA TA FO     MP     PP MP  PK MP  
------------------------------------------------------------------------------------
Andrew Copp              0  0  0   0  2   2  0  0  0  0  4/9     9:54   2:15   0:30 
Brayden Schenn           0  0  0   0  0   2  3  0  0  0  16/32  20:24   2:57   5:19 
Cam Fowler               0  0  0   0  0   1  1  2  0  0  0/0    22:02   2:41   6:08 
Casey Cizikas            0  0  0  -1  0   0  0  0  0  0  2/8     5:58   0:00   0:00 
Chris Kreider            0  1  1   1  0   6  2  0  0  0  0/1    26:19   2:15   8:26 
Conor Garland            0  0  0   0  0   0  0  0  0  0  0/0    12:08   0:00   0:00 
Dante Fabbro             0  0  0  -1  2   0  1  0  0  0  0/0    10:31   0:00   0:00 
Jacob Middleton          0  0  0  -1  0   2  1  1  0  0  0/0    13:13   0:00   2:41 
Jamie Benn               0  1  1   1  4   6  3  0  0  0  32/48  25:09   2:15   7:17 
Jared Spurgeon           0  1  1   1  2   1  1  1  0  0  0/0    25:48   2:31   6:33 
Justin Faulk             2  0  2   1  4   4  5  2  0  0  0/0    25:28   2:31   6:14 
Kasperi Kapanen          0  0  0   0  0   0  1  0  0  0  1/2     9:43   2:57   0:00 
Kirill Marchenko         0  0  0   0  0   1  0  0  0  0  1/1     6:46   0:00   0:00 
Mats Zuccarello          0  1  1   1  0   2  0  0  0  0  0/0    15:44   0:00   0:30 
Ryan Lomberg             0  0  0  -1  0   0  3  0  0  0  0/0     5:58   0:00   0:00 
Timo Meier               0  0  0   0  0   3  1  0  0  0  0/1    18:13   2:57   3:08 
Tyler Myers              0  0  0   0  2   0  4  3  0  0  0/0    22:53   2:41   7:00 
Vladislav Namestnikov    0  0  0  -1  0   2  1  0  0  0  2/2     7:49   0:00   1:51 

Players Stats for CAROLINA Hurricanes

Player Name              G  A  P  +/- PIM S  H  SB GA TA FO     MP     PP MP  PK MP  
------------------------------------------------------------------------------------
Adam Fox                 0  0  0   0  0   3  1  0  0  0  0/0    28:16   7:30   2:58 
Blake Lizotte            1  0  1   1  2   1  0  0  0  0  5/9     4:33   0:00   0:00 
Brady Tkachuk            0  0  0  -1  2   3  3  0  0  0  0/0    21:15   6:33   2:30 
Brandon Montour          0  0  0   0  2   3  1  0  0  0  0/0    25:17   7:30   0:00 
David Perron             0  0  0   0  0   2  0  0  0  0  1/1     8:55   0:02   0:00 
Derek Ryan               0  0  0   1  0   0  0  0  0  0  0/0     5:37   0:00   1:03 
Devon Toews              0  0  0  -1  0   4  2  0  0  0  0/0    24:03   6:48   2:42 
Elias Pettersson         0  0  0   0  0   7  1  0  0  0  1/1    22:35   7:45   0:00 
Filip Forsberg           0  0  0   0  0   3  0  0  0  0  1/1    10:13   0:02   1:18 
Kris Letang              0  0  0  -1  0   3  3  0  0  0  0/0    23:35   6:48   2:14 
Lars Eller               0  0  0   0  0   2  0  0  0  0  4/10    9:32   0:00   1:03 
Mika Zibanejad           0  0  0   0  0   4  0  0  0  0  19/47  26:34   7:43   3:37 
Nazem Kadri              0  0  0  -1  0   2  3  0  0  0  14/33  19:39   6:33   0:53 
Niko Mikkola             0  1  1   1  0   0  0  0  0  0  0/0     8:09   0:00   0:00 
Noah Cates               0  1  1   1  0   1  0  0  0  0  0/0     4:34   0:00   0:00 
Rasmus Ristolainen       0  0  0   1  0   0  1  0  0  0  0/0    10:39   0:00   2:30 
Travis Konecny           0  0  0  -1  0   0  2  0  0  0  1/1    18:46   6:33   0:00 
William Nylander         0  0  0   0  0   3  1  0  0  0  0/1    22:33   7:43   0:00 

3 Stars

1 - Linus Ullmark (NYR)
2 - Justin Faulk (NYR)
3 - Alexandar Georgiev (CAR)

Power Play

NEW YORK Rangers - 1 on 3 Attempt(s) - 33,33%
CAROLINA Hurricanes - 0 on 8 Attempt(s) - 0,00%

Penalty Kill

NEW YORK Rangers - 8 on 8 Attempt(s) - 100,00% - Score 0 goal in Penalty Kill
CAROLINA Hurricanes - 2 on 3 Attempt(s) - 66,67% - Score 0 goal in Penalty Kill

Team Stat

NEW YORK Rangers - Hits : 27 - Faceoff Wins : 58 - Blocked Shots : 9 - Penalty Minutes : 16
CAROLINA Hurricanes - Hits : 18 - Faceoff Wins : 46 - Blocked Shots : 0 - Penalty Minutes : 6

Official

Referees : John Hoolihan and Samantha Hiller
Linesman : Bryan Pancich and Erin Blair

Game Notes

No Game Note

Finance

Level 1 -- Attendance: 5116 (85,27%) -- Ticket Income $511,600
Level 2 -- Attendance: 4383 (87,66%) -- Ticket Income $262,980
Level 3 -- Attendance: 2000 (100,00%) -- Ticket Income $70,000
Level 4 -- Attendance: 3824 (95,60%) -- Ticket Income $76,480
Luxury Box -- Attendance: 843 (84,30%) -- Ticket Income $168,600
Game was played at the PNC Arena.
Total Attendance: 16166 (89,81%)
Total Ticket Income: $1,089,660
Other Income: $272,415
Total Income: $1,362,075

NEW YORK Rangers

5 vs 5 Forward 
   Center                   Left Wing                Right Wing               Time % Phy DF OF 
 1 Jamie Benn               Chris Kreider            Mats Zuccarello          40     1   2  2  
 2 Brayden Schenn           Timo Meier               Conor Garland            30     1   2  2  
 3 Andrew Copp              Kasperi Kapanen          Kirill Marchenko         20     1   3  1  
 4 Casey Cizikas            Ryan Lomberg             Vladislav Namestnikov    10     3   2  0  

5 vs 5 Defense 
   Defense                  Defense                                           Time % Phy DF OF 
 1 Jared Spurgeon           Justin Faulk                                      40     0   3  2  
 2 Cam Fowler               Tyler Myers                                       33     1   3  1  
 3 Jacob Middleton          Dante Fabbro                                      26     2   2  1  
 4 Jared Spurgeon           Justin Faulk                                      1      1   2  2  

PowerPlay Forward 
   Center                   Left Wing                Right Wing               Time % Phy DF OF 
 1 Jamie Benn               Chris Kreider            Andrew Copp              60     1   2  2  
 2 Brayden Schenn           Timo Meier               Kasperi Kapanen          40     1   2  2  

PowerPlay Defense
   Defense                  Defense                                           Time % Phy DF OF 
 1 Jared Spurgeon           Justin Faulk                                      60     1   2  2  
 2 Cam Fowler               Tyler Myers                                       40     1   2  2  

Penalty Kill 4 Players Forward 
   Center                   Wing                     Time % Phy DF OF 
 1 Jamie Benn               Chris Kreider            60     1   2  2  
 2 Brayden Schenn           Timo Meier               40     1   2  2  

Penalty Kill 4 Players Defense
   Defense                  Defense                  Time % Phy DF OF 
 1 Jared Spurgeon           Justin Faulk             60     1   2  2  
 2 Cam Fowler               Tyler Myers              40     1   2  2  

Penalty Kill - 3 Players Forward 
   Forward                                           Time % Phy DF OF 
 1 Jamie Benn                                        60     1   2  2  
 2 Brayden Schenn                                    40     1   2  2  

Penalty Kill - 3 Players Defense
   Defense                  Defense                  Time % Phy DF OF 
 1 Jared Spurgeon           Justin Faulk             60     1   2  2  
 2 Cam Fowler               Tyler Myers              40     1   2  2  

4 vs 4 Forward 
   Center                   Wing                     Time % Phy DF OF 
 1 Jamie Benn               Chris Kreider            60     1   2  2  
 2 Brayden Schenn           Timo Meier               40     1   2  2  

4 vs 4 Defense
   Defense                  Defense                  Time % Phy DF OF 
 1 Jared Spurgeon           Justin Faulk             60     1   2  2  
 2 Cam Fowler               Tyler Myers              40     1   2  2  

Last Minutes Offensive
   Center                   Left Wing                Right Wing               Defense                  Defense                  
   Jamie Benn               Chris Kreider            Andrew Copp              Jared Spurgeon           Justin Faulk             

Last Minutes Defensive
   Center                   Left Wing                Right Wing               Defense                  Defense                  
   Jamie Benn               Chris Kreider            Andrew Copp              Jared Spurgeon           Justin Faulk             

Goaltenders
Starting : Linus Ullmark            
Backup : Joonas Korpisalo         

Extra Forwards
Normal : Brayden Schenn, Andrew Copp, Conor Garland - PP : Brayden Schenn, Andrew Copp - PK : Brayden Schenn
Extra Defensemen
Normal : Tyler Myers, Jacob Middleton, Dante Fabbro - PP : Tyler Myers - PK : Tyler Myers, Jacob Middleton
Penalty Shots
Jamie Benn, Chris Kreider, Timo Meier, Mats Zuccarello, Brayden Schenn

Scratches
Mason Shaw (Healthy), Eric Comrie (Healthy)

CAROLINA Hurricanes

5 vs 5 Forward 
   Center                   Left Wing                Right Wing               Time % Phy DF OF 
 1 Mika Zibanejad           Elias Pettersson         William Nylander         40     1   2  2  
 2 Nazem Kadri              Brady Tkachuk            Travis Konecny           30     1   2  2  
 3 Lars Eller               Filip Forsberg           David Perron             20     1   2  2  
 4 Blake Lizotte            Noah Cates               Derek Ryan               10     1   2  2  

5 vs 5 Defense 
   Defense                  Defense                                           Time % Phy DF OF 
 1 Adam Fox                 Brandon Montour                                   45     1   2  2  
 2 Kris Letang              Devon Toews                                       35     1   2  2  
 3 Rasmus Ristolainen       Niko Mikkola                                      20     1   2  2  
 4 Adam Fox                 Brandon Montour                                   0      1   2  2  

PowerPlay Forward 
   Center                   Left Wing                Right Wing               Time % Phy DF OF 
 1 Mika Zibanejad           Elias Pettersson         William Nylander         80     1   2  2  
 2 Nazem Kadri              Brady Tkachuk            Travis Konecny           20     1   2  2  

PowerPlay Defense
   Defense                  Defense                                           Time % Phy DF OF 
 1 Adam Fox                 Brandon Montour                                   60     1   2  2  
 2 Kris Letang              Devon Toews                                       40     1   2  2  

Penalty Kill 4 Players Forward 
   Center                   Wing                     Time % Phy DF OF 
 1 Mika Zibanejad           Brady Tkachuk            60     1   2  2  
 2 Lars Eller               Derek Ryan               40     1   2  2  

Penalty Kill 4 Players Defense
   Defense                  Defense                  Time % Phy DF OF 
 1 Adam Fox                 Devon Toews              60     1   2  2  
 2 Kris Letang              Rasmus Ristolainen       40     1   2  2  

Penalty Kill - 3 Players Forward 
   Forward                                           Time % Phy DF OF 
 1 Lars Eller                                        60     1   2  2  
 2 Mika Zibanejad                                    40     1   2  2  

Penalty Kill - 3 Players Defense
   Defense                  Defense                  Time % Phy DF OF 
 1 Adam Fox                 Devon Toews              60     1   2  2  
 2 Kris Letang              Rasmus Ristolainen       40     1   2  2  

4 vs 4 Forward 
   Center                   Wing                     Time % Phy DF OF 
 1 Mika Zibanejad           William Nylander         60     1   2  2  
 2 Elias Pettersson         Filip Forsberg           40     1   2  2  

4 vs 4 Defense
   Defense                  Defense                  Time % Phy DF OF 
 1 Adam Fox                 Brandon Montour          60     1   2  2  
 2 Kris Letang              Devon Toews              40     1   2  2  

Last Minutes Offensive
   Center                   Left Wing                Right Wing               Defense                  Defense                  
   Mika Zibanejad           Brady Tkachuk            William Nylander         Adam Fox                 Brandon Montour          

Last Minutes Defensive
   Center                   Left Wing                Right Wing               Defense                  Defense                  
   Mika Zibanejad           Brady Tkachuk            William Nylander         Adam Fox                 Brandon Montour          

Goaltenders
Starting : Alexandar Georgiev       
Backup : Alex Lyon                

Extra Forwards
Normal : Nazem Kadri, David Perron, Travis Konecny - PP : Nazem Kadri, David Perron - PK : Nazem Kadri
Extra Defensemen
Normal : Devon Toews, Rasmus Ristolainen, Niko Mikkola - PP : Devon Toews - PK : Devon Toews, Rasmus Ristolainen
Penalty Shots
Mika Zibanejad, Elias Pettersson, William Nylander, Brady Tkachuk, Nazem Kadri

Scratches
Ryan Reaves (Healthy)

% Time on Ice - NEW YORK Rangers

Lines # - Real PCT - Wanted PCT - Time Play
Normal Forward
1 - 38% - 40% - 15:14
2 - 30% - 30% - 12:08
3 - 17% - 20% - 6:46
4 - 15% - 10% - 5:58
Normal Defense
1 - 41% - 40% - 16:21
2 - 33% - 33% - 13:13
3 - 26% - 26% - 10:32
4 - 0% - 1% - 0:00
PP Forward
1 - 43% - 60% - 2:15
2 - 57% - 40% - 2:57
PP Defense
1 - 48% - 60% - 2:31
2 - 52% - 40% - 2:41
PK Forward
1 - 75% - 60% - 9:36
2 - 25% - 40% - 3:08
PK Defense
1 - 58% - 60% - 7:20
2 - 42% - 40% - 5:24
PK3 Forward
1 - 100% - 60% - 1:34
2 - 0% - 40% - 0:00
PK3 Defense
1 - 53% - 60% - 0:50
2 - 47% - 40% - 0:44
44 Forward
1 - 0% - 60%
2 - 0% - 40%
44 Defense
1 - 0% - 60%
2 - 0% - 40%
Last Minute Offensive  - 0:00
Last Minute Defensive  - 0:24
Total
Forward - 60:00
Defense - 60:00

% Time on Ice - CAROLINA Hurricanes

Lines # - Real PCT - Wanted PCT - Time Play
Normal Forward
1 - 37% - 40% - 14:50
2 - 30% - 30% - 12:13
3 - 21% - 20% - 8:29
4 - 11% - 10% - 4:34
Normal Defense
1 - 44% - 45% - 17:48
2 - 36% - 35% - 14:33
3 - 19% - 20% - 7:45
4 - 0% - 0% - 0:00
PP Forward
1 - 54% - 80% - 7:45
2 - 46% - 20% - 6:33
PP Defense
1 - 52% - 60% - 7:30
2 - 48% - 40% - 6:48
PK Forward
1 - 80% - 60% - 4:09
2 - 20% - 40% - 1:03
PK Defense
1 - 52% - 60% - 2:42
2 - 48% - 40% - 2:30
PK3 Forward
1 - 0% - 60%
2 - 0% - 40%
PK3 Defense
1 - 0% - 60%
2 - 0% - 40%
44 Forward
1 - 0% - 60%
2 - 0% - 40%
44 Defense
1 - 0% - 60%
2 - 0% - 40%
Last Minute Offensive  - 0:24
Last Minute Defensive  - 0:00
Total
Forward - 60:00
Defense - 60:00

Play-by-Play

1st period


0:01 of 1st period - Jamie Benn wins face-off versus Mika Zibanejad in neutral zone.
0:17 of 1st period - Mika Zibanejad is hit by Justin Faulk and loses puck.
0:37 of 1st period - Minor Penalty to Justin Faulk for Tripping.
0:38 of 1st period - Jamie Benn wins face-off versus Nazem Kadri in NEW YORK Rangers zone.
0:38 of 1st period - Chris Kreider is hit by Brady Tkachuk and loses puck.
1:07 of 1st period - Shot by Kris Letang.
1:07 of 1st period - Stopped by Linus Ullmark with a rebound.
1:09 of 1st period - Shot by Devon Toews.
1:09 of 1st period - Stopped by Linus Ullmark without a rebound.
1:10 of 1st period - Jamie Benn wins face-off versus Mika Zibanejad in NEW YORK Rangers zone.
1:52 of 1st period - Shot by Mika Zibanejad.
1:52 of 1st period - Shot Blocked by Tyler Myers.
2:18 of 1st period - Shot by Devon Toews.
2:18 of 1st period - Shot Misses the Net.
3:03 of 1st period - Shot by Andrew Copp.
3:03 of 1st period - Stopped by Alexandar Georgiev with a rebound.
3:33 of 1st period - Icing by Rasmus Ristolainen.
3:34 of 1st period - Lars Eller wins face-off versus Casey Cizikas in CAROLINA Hurricanes zone.
3:34 of 1st period - Lars Eller is hit by Ryan Lomberg.
4:05 of 1st period - Shot by Casey Cizikas.
4:05 of 1st period - Deflect By Vladislav Namestnikov.
4:05 of 1st period - Stopped by Alexandar Georgiev with a rebound.
4:07 of 1st period - Shot by Vladislav Namestnikov.
4:07 of 1st period - Shot Misses the Net.
4:09 of 1st period - Shot by Ryan Lomberg.
4:09 of 1st period - Deflect By Vladislav Namestnikov.
4:09 of 1st period - Stopped by Alexandar Georgiev without a rebound.
4:10 of 1st period - Jamie Benn wins face-off versus Nazem Kadri in CAROLINA Hurricanes zone.
4:10 of 1st period - Tyler Myers is hit by Devon Toews and loses puck.
4:55 of 1st period - Jamie Benn is hit by Kris Letang and loses puck.
5:28 of 1st period - Conor Garland is hit by Elias Pettersson and loses puck.
5:45 of 1st period - Shot by Conor Garland.
5:45 of 1st period - Deflect By Brayden Schenn.
5:45 of 1st period - Stopped by Alexandar Georgiev without a rebound.
5:46 of 1st period - Blake Lizotte wins face-off versus Andrew Copp in CAROLINA Hurricanes zone.
6:54 of 1st period - Shot by Elias Pettersson.
6:54 of 1st period - Shot Misses the Net.
6:56 of 1st period - Shot by Elias Pettersson.
6:56 of 1st period - Stopped by Linus Ullmark without a rebound.
6:57 of 1st period - Nazem Kadri wins face-off versus Brayden Schenn in NEW YORK Rangers zone.
7:09 of 1st period - Minor Penalty to Jared Spurgeon for Tripping.
7:10 of 1st period - Mika Zibanejad wins face-off versus Jamie Benn in NEW YORK Rangers zone.
7:17 of 1st period - Shot by Elias Pettersson.
7:17 of 1st period - Stopped by Linus Ullmark with a rebound.
7:19 of 1st period - Shot by Elias Pettersson.
7:19 of 1st period - Stopped by Linus Ullmark with a rebound.
7:21 of 1st period - Shot by Brandon Montour.
7:21 of 1st period - Stopped by Linus Ullmark without a rebound.
7:22 of 1st period - Jamie Benn wins face-off versus Mika Zibanejad in NEW YORK Rangers zone.
8:03 of 1st period - Icing by Elias Pettersson.
8:04 of 1st period - Mika Zibanejad wins face-off versus Brayden Schenn in CAROLINA Hurricanes zone.
8:09 of 1st period - Shot by Adam Fox.
8:09 of 1st period - Shot Misses the Net.
8:35 of 1st period - Shot by Brady Tkachuk.
8:35 of 1st period - Shot Misses the Net.
8:41 of 1st period - Shot by Devon Toews.
8:41 of 1st period - Stopped by Linus Ullmark without a rebound.
8:42 of 1st period - Travis Konecny wins face-off versus Brayden Schenn in NEW YORK Rangers zone.
8:45 of 1st period - Shot by Brady Tkachuk.
8:45 of 1st period - Shot Misses the Net.
8:53 of 1st period - Shot by Devon Toews.
8:53 of 1st period - Shot Misses the Net.
8:59 of 1st period - Shot by Devon Toews.
8:59 of 1st period - Deflect By Brady Tkachuk.
8:59 of 1st period - Stopped by Linus Ullmark with a rebound.
9:01 of 1st period - Shot by Devon Toews.
9:01 of 1st period - Shot Misses the Net.
9:23 of 1st period - Filip Forsberg is hit by Tyler Myers and loses puck.
9:38 of 1st period - Shot by Filip Forsberg.
9:38 of 1st period - Stopped by Linus Ullmark without a rebound.
9:39 of 1st period - Mika Zibanejad wins face-off versus Jamie Benn in NEW YORK Rangers zone.
10:16 of 1st period - Shot by Mika Zibanejad.
10:16 of 1st period - Stopped by Linus Ullmark without a rebound.
10:17 of 1st period - Brayden Schenn wins face-off versus Nazem Kadri in NEW YORK Rangers zone.
10:19 of 1st period - Icing by Justin Faulk.
10:20 of 1st period - Nazem Kadri wins face-off versus Brayden Schenn in NEW YORK Rangers zone.
10:30 of 1st period - Justin Faulk is hit by Brady Tkachuk and loses puck.
10:37 of 1st period - Shot by Conor Garland.
10:37 of 1st period - Deflect By Timo Meier.
10:37 of 1st period - Stopped by Alexandar Georgiev without a rebound.
10:38 of 1st period - Mika Zibanejad wins face-off versus Jamie Benn in CAROLINA Hurricanes zone.
10:58 of 1st period - Shot by Chris Kreider.
10:58 of 1st period - Stopped by Alexandar Georgiev with a rebound.
11:24 of 1st period - Shot by William Nylander.
11:24 of 1st period - Shot Misses the Net.
12:02 of 1st period - Icing by Cam Fowler.
12:03 of 1st period - Blake Lizotte wins face-off versus Jamie Benn in NEW YORK Rangers zone.
12:29 of 1st period - Shot by Noah Cates.
12:29 of 1st period - Stopped by Linus Ullmark without a rebound.
12:30 of 1st period - Nazem Kadri wins face-off versus Andrew Copp in NEW YORK Rangers zone.
12:46 of 1st period - Icing by Jacob Middleton.
12:47 of 1st period - Kirill Marchenko wins face-off versus Lars Eller in NEW YORK Rangers zone.
13:01 of 1st period - Icing by David Perron.
13:02 of 1st period - David Perron wins face-off versus Brayden Schenn in CAROLINA Hurricanes zone.
13:25 of 1st period - Off-side.
13:26 of 1st period - Andrew Copp wins face-off versus Mika Zibanejad in neutral zone.
13:34 of 1st period - Off-side.
13:35 of 1st period - Mika Zibanejad wins face-off versus Brayden Schenn in neutral zone.
13:40 of 1st period - Shot by Elias Pettersson.
13:40 of 1st period - Shot Blocked by Justin Faulk.
13:46 of 1st period - Shot by William Nylander.
13:46 of 1st period - Shot Misses the Net.
13:48 of 1st period - Shot by Kris Letang.
13:48 of 1st period - Stopped by Linus Ullmark without a rebound.
13:49 of 1st period - Jamie Benn wins face-off versus Nazem Kadri in NEW YORK Rangers zone.
14:05 of 1st period - Adam Fox is hit by Tyler Myers and loses puck.
14:24 of 1st period - Shot by Jamie Benn.
14:24 of 1st period - Stopped by Alexandar Georgiev without a rebound.
14:25 of 1st period - Mika Zibanejad wins face-off versus Brayden Schenn in CAROLINA Hurricanes zone.
14:25 of 1st period - Mika Zibanejad is hit by Timo Meier.
15:06 of 1st period - Shot by William Nylander.
15:06 of 1st period - Shot Misses the Net.
15:08 of 1st period - Shot by William Nylander.
15:08 of 1st period - Deflect By Mika Zibanejad.
15:08 of 1st period - Shot Misses the Net.
15:10 of 1st period - Shot by Elias Pettersson.
15:10 of 1st period - Deflect By Mika Zibanejad.
15:10 of 1st period - Shot Misses the Net.
16:23 of 1st period - Travis Konecny is hit by Cam Fowler and loses puck.
16:28 of 1st period - Shot by Brady Tkachuk.
16:28 of 1st period - Shot Blocked by Tyler Myers.
16:30 of 1st period - Shot by Nazem Kadri.
16:30 of 1st period - Shot Misses the Net.
16:35 of 1st period - Brady Tkachuk is hit by Tyler Myers and loses puck.
16:46 of 1st period - Shot by Travis Konecny.
16:46 of 1st period - Deflect By Brady Tkachuk.
16:46 of 1st period - Stopped by Linus Ullmark without a rebound.
16:47 of 1st period - Mika Zibanejad wins face-off versus Casey Cizikas in NEW YORK Rangers zone.
16:59 of 1st period - Off-side.
17:00 of 1st period - Blake Lizotte wins face-off versus Brayden Schenn in neutral zone.
18:03 of 1st period - Icing by Brandon Montour.
18:04 of 1st period - Jamie Benn wins face-off versus Blake Lizotte in CAROLINA Hurricanes zone.
18:08 of 1st period - Icing by Noah Cates.
18:09 of 1st period - Jamie Benn wins face-off versus Blake Lizotte in CAROLINA Hurricanes zone.
18:36 of 1st period - Shot by Mats Zuccarello.
18:36 of 1st period - Stopped by Alexandar Georgiev without a rebound.
18:37 of 1st period - Kasperi Kapanen wins face-off versus Mika Zibanejad in CAROLINA Hurricanes zone.
18:37 of 1st period - Jacob Middleton is hit by Devon Toews and loses puck.
18:56 of 1st period - Shot by Andrew Copp.
18:56 of 1st period - Deflect By Kasperi Kapanen.
18:56 of 1st period - Shot Misses the Net.
19:29 of 1st period - William Nylander is hit by Justin Faulk and loses puck.
19:41 of 1st period - Icing by Jared Spurgeon.
19:42 of 1st period - Nazem Kadri wins face-off versus Chris Kreider in NEW YORK Rangers zone.
19:43 of 1st period - Shot by Travis Konecny.
19:43 of 1st period - Shot Misses the Net.
19:59 of 1st period - Shot by Jamie Benn.
19:59 of 1st period - Shot Misses the Net.
Goals for this period are 0 for NEW YORK Rangers vs 0 for CAROLINA Hurricanes.
Shots for this period are 8 for NEW YORK Rangers vs 13 for CAROLINA Hurricanes.

2nd period


0:01 of 2nd period - Brayden Schenn wins face-off versus Mika Zibanejad in neutral zone.
0:05 of 2nd period - Jared Spurgeon is hit by Kris Letang and loses puck.
1:16 of 2nd period - Off-side.
1:17 of 2nd period - Casey Cizikas wins face-off versus Lars Eller in neutral zone.
1:39 of 2nd period - Off-side.
1:40 of 2nd period - Nazem Kadri wins face-off versus Jamie Benn in neutral zone.
1:46 of 2nd period - Minor Penalty to Tyler Myers for Roughing.
1:47 of 2nd period - Nazem Kadri wins face-off versus Jamie Benn in NEW YORK Rangers zone.
2:27 of 2nd period - Shot by Justin Faulk.
2:27 of 2nd period - Stopped by Alexandar Georgiev without a rebound.
2:28 of 2nd period - Jamie Benn wins face-off versus Mika Zibanejad in CAROLINA Hurricanes zone.
2:35 of 2nd period - Shot by Chris Kreider.
2:35 of 2nd period - Stopped by Alexandar Georgiev without a rebound.
2:36 of 2nd period - Mika Zibanejad wins face-off versus Jamie Benn in CAROLINA Hurricanes zone.
2:52 of 2nd period - Icing by Devon Toews.
2:53 of 2nd period - Brayden Schenn wins face-off versus Mika Zibanejad in CAROLINA Hurricanes zone.
2:56 of 2nd period - Shot by Timo Meier.
2:56 of 2nd period - Deflect By Brayden Schenn.
2:56 of 2nd period - Shot Misses the Net.
2:58 of 2nd period - Shot by Jacob Middleton.
2:58 of 2nd period - Stopped by Alexandar Georgiev without a rebound.
2:59 of 2nd period - Jamie Benn wins face-off versus Mika Zibanejad in CAROLINA Hurricanes zone.
3:04 of 2nd period - Shot by Chris Kreider.
3:04 of 2nd period - Shot Hit the Post.
3:43 of 2nd period - Shot by Elias Pettersson.
3:43 of 2nd period - Stopped by Linus Ullmark without a rebound.
3:44 of 2nd period - Brayden Schenn wins face-off versus Nazem Kadri in NEW YORK Rangers zone.
3:53 of 2nd period - Shot by Jacob Middleton.
3:53 of 2nd period - Stopped by Alexandar Georgiev without a rebound.
3:54 of 2nd period - Brayden Schenn wins face-off versus Nazem Kadri in CAROLINA Hurricanes zone.
4:13 of 2nd period - Travis Konecny is hit by Brayden Schenn and loses puck.
4:32 of 2nd period - Tyler Myers is hit by Nazem Kadri.
4:35 of 2nd period - Off-side.
4:36 of 2nd period - Andrew Copp wins face-off versus Mika Zibanejad in neutral zone.
4:47 of 2nd period - Shot by Andrew Copp.
4:47 of 2nd period - Stopped by Alexandar Georgiev without a rebound.
4:48 of 2nd period - Jamie Benn wins face-off versus Lars Eller in CAROLINA Hurricanes zone.
5:03 of 2nd period - Shot by David Perron.
5:03 of 2nd period - Stopped by Linus Ullmark without a rebound.
5:04 of 2nd period - Mika Zibanejad wins face-off versus Andrew Copp in NEW YORK Rangers zone.
5:16 of 2nd period - Icing by Andrew Copp.
5:17 of 2nd period - Andrew Copp wins face-off versus Nazem Kadri in NEW YORK Rangers zone.
5:39 of 2nd period - Kasperi Kapanen is hit by Brandon Montour and loses puck.
5:56 of 2nd period - Shot by Jared Spurgeon.
5:56 of 2nd period - Stopped by Alexandar Georgiev without a rebound.
5:57 of 2nd period - Jamie Benn wins face-off versus Mika Zibanejad in CAROLINA Hurricanes zone.
5:58 of 2nd period - Shot by Mats Zuccarello.
5:58 of 2nd period - Stopped by Alexandar Georgiev without a rebound.
5:59 of 2nd period - Jamie Benn wins face-off versus Mika Zibanejad in CAROLINA Hurricanes zone.
6:10 of 2nd period - Elias Pettersson is hit by Jamie Benn and loses puck.
6:36 of 2nd period - Off-side.
6:37 of 2nd period - Nazem Kadri wins face-off versus Brayden Schenn in neutral zone.
6:39 of 2nd period - Adam Fox is hit by Justin Faulk and loses puck.
7:23 of 2nd period - Minor Penalty to Justin Faulk for Delaying the game.
7:24 of 2nd period - Mika Zibanejad wins face-off versus Jamie Benn in NEW YORK Rangers zone.
7:48 of 2nd period - Shot by William Nylander.
7:48 of 2nd period - Stopped by Linus Ullmark without a rebound.
7:49 of 2nd period - Jamie Benn wins face-off versus Mika Zibanejad in NEW YORK Rangers zone.
7:55 of 2nd period - Tyler Myers is hit by William Nylander and loses puck.
8:16 of 2nd period - Shot by Brandon Montour.
8:16 of 2nd period - Shot Blocked by Jared Spurgeon.
8:18 of 2nd period - Shot by Elias Pettersson.
8:18 of 2nd period - Shot Misses the Net.
8:20 of 2nd period - Shot by Elias Pettersson.
8:20 of 2nd period - Stopped by Linus Ullmark without a rebound.
8:21 of 2nd period - Nazem Kadri wins face-off versus Jamie Benn in NEW YORK Rangers zone.
8:48 of 2nd period - Shot by Nazem Kadri.
8:48 of 2nd period - Stopped by Linus Ullmark without a rebound.
8:49 of 2nd period - Elias Pettersson wins face-off versus Timo Meier in NEW YORK Rangers zone.
9:02 of 2nd period - Shot by Elias Pettersson.
9:02 of 2nd period - Deflect By Mika Zibanejad.
9:02 of 2nd period - Shot Misses the Net.
9:04 of 2nd period - Shot by Elias Pettersson.
9:04 of 2nd period - Stopped by Linus Ullmark without a rebound.
9:05 of 2nd period - Jamie Benn wins face-off versus Nazem Kadri in NEW YORK Rangers zone.
9:14 of 2nd period - Shot by Devon Toews.
9:14 of 2nd period - Shot Misses the Net.
9:16 of 2nd period - Shot by Devon Toews.
9:16 of 2nd period - Shot Blocked by Jacob Middleton.
9:18 of 2nd period - Shot by Devon Toews.
9:18 of 2nd period - Stopped by Linus Ullmark without a rebound.
9:19 of 2nd period - Jamie Benn wins face-off versus Mika Zibanejad in NEW YORK Rangers zone.
9:47 of 2nd period - Shot by Filip Forsberg.
9:47 of 2nd period - Stopped by Linus Ullmark with a rebound.
9:49 of 2nd period - Shot by Lars Eller.
9:49 of 2nd period - Stopped by Linus Ullmark with a rebound.
10:13 of 2nd period - Icing by Jacob Middleton.
10:14 of 2nd period - Mika Zibanejad wins face-off versus Casey Cizikas in NEW YORK Rangers zone.
10:37 of 2nd period - Shot by William Nylander.
10:37 of 2nd period - Deflect By Elias Pettersson.
10:37 of 2nd period - Shot Misses the Net.
10:39 of 2nd period - Shot by Adam Fox.
10:39 of 2nd period - Stopped by Linus Ullmark with a rebound.
10:41 of 2nd period - Shot by William Nylander.
10:41 of 2nd period - Shot Misses the Net.
10:43 of 2nd period - Shot by Mika Zibanejad.
10:43 of 2nd period - Stopped by Linus Ullmark without a rebound.
10:44 of 2nd period - Jamie Benn wins face-off versus Nazem Kadri in NEW YORK Rangers zone.
10:49 of 2nd period - Shot by Mats Zuccarello.
10:49 of 2nd period - Shot Misses the Net.
10:51 of 2nd period - Shot by Justin Faulk.
10:51 of 2nd period - Goal by Justin Faulk - NEW YORK Rangers : 1 - CAROLINA Hurricanes : 0.
10:52 of 2nd period - Jamie Benn wins face-off versus Nazem Kadri in neutral zone.
10:55 of 2nd period - Kris Letang is hit by Jamie Benn and loses puck.
11:18 of 2nd period - Shot by Travis Konecny.
11:18 of 2nd period - Deflect By Nazem Kadri.
11:18 of 2nd period - Stopped by Linus Ullmark without a rebound.
11:19 of 2nd period - Brayden Schenn wins face-off versus Mika Zibanejad in NEW YORK Rangers zone.
11:34 of 2nd period - Shot by Mika Zibanejad.
11:34 of 2nd period - Stopped by Linus Ullmark without a rebound.
11:35 of 2nd period - Jamie Benn wins face-off versus Nazem Kadri in NEW YORK Rangers zone.
11:35 of 2nd period - Jared Spurgeon is hit by Nazem Kadri and loses puck.
12:07 of 2nd period - Icing by Jared Spurgeon.
12:08 of 2nd period - Jamie Benn wins face-off versus Mika Zibanejad in NEW YORK Rangers zone.
12:19 of 2nd period - Shot by Jamie Benn.
12:19 of 2nd period - Stopped by Alexandar Georgiev without a rebound.
12:20 of 2nd period - Brayden Schenn wins face-off versus Lars Eller in CAROLINA Hurricanes zone.
12:26 of 2nd period - Icing by David Perron.
12:27 of 2nd period - Brayden Schenn wins face-off versus Lars Eller in CAROLINA Hurricanes zone.
12:30 of 2nd period - Shot by Timo Meier.
12:30 of 2nd period - Stopped by Alexandar Georgiev without a rebound.
12:31 of 2nd period - Brayden Schenn wins face-off versus Mika Zibanejad in CAROLINA Hurricanes zone.
12:55 of 2nd period - Shot by Timo Meier.
12:55 of 2nd period - Stopped by Alexandar Georgiev with a rebound.
13:22 of 2nd period - Icing by Brandon Montour.
13:23 of 2nd period - Jamie Benn wins face-off versus Mika Zibanejad in CAROLINA Hurricanes zone.
13:38 of 2nd period - Shot by Tyler Myers.
13:38 of 2nd period - Deflect By Chris Kreider.
13:38 of 2nd period - Stopped by Alexandar Georgiev without a rebound.
13:39 of 2nd period - Nazem Kadri wins face-off versus Andrew Copp in CAROLINA Hurricanes zone.
13:39 of 2nd period - Nazem Kadri is hit by Kasperi Kapanen.
13:40 of 2nd period - Minor Penalty to Andrew Copp for High sticking.
13:41 of 2nd period - Nazem Kadri wins face-off versus Jamie Benn in NEW YORK Rangers zone.
13:42 of 2nd period - Shot by Devon Toews.
13:42 of 2nd period - Stopped by Linus Ullmark without a rebound.
13:43 of 2nd period - Jamie Benn wins face-off versus Nazem Kadri in NEW YORK Rangers zone.
13:43 of 2nd period - Jamie Benn is hit by Travis Konecny.
14:05 of 2nd period - Minor Penalty to Jamie Benn for Interference.
14:06 of 2nd period - Mika Zibanejad wins face-off versus Brayden Schenn in NEW YORK Rangers zone.
14:09 of 2nd period - Shot by Adam Fox.
14:09 of 2nd period - Shot Blocked by Justin Faulk.
14:11 of 2nd period - Shot by Adam Fox.
14:11 of 2nd period - Shot Misses the Net.
14:21 of 2nd period - Shot by Mika Zibanejad.
14:21 of 2nd period - Shot Misses the Net.
15:01 of 2nd period - Cam Fowler is hit by Travis Konecny.
15:07 of 2nd period - Shot by Kris Letang.
15:07 of 2nd period - Stopped by Linus Ullmark without a rebound.
15:08 of 2nd period - Vladislav Namestnikov wins face-off versus Nazem Kadri in NEW YORK Rangers zone.
15:25 of 2nd period - Shot by Brady Tkachuk.
15:25 of 2nd period - Stopped by Linus Ullmark without a rebound.
15:26 of 2nd period - Mika Zibanejad wins face-off versus Brayden Schenn in NEW YORK Rangers zone.
15:41 of 2nd period - Shot by Brandon Montour.
15:41 of 2nd period - Stopped by Linus Ullmark without a rebound.
15:42 of 2nd period - Brayden Schenn wins face-off versus Nazem Kadri in NEW YORK Rangers zone.
15:50 of 2nd period - Icing by Nazem Kadri.
15:51 of 2nd period - Nazem Kadri wins face-off versus Brayden Schenn in CAROLINA Hurricanes zone.
16:31 of 2nd period - Shot by Elias Pettersson.
16:31 of 2nd period - Stopped by Linus Ullmark without a rebound.
16:32 of 2nd period - Jamie Benn wins face-off versus Nazem Kadri in NEW YORK Rangers zone.
16:32 of 2nd period - Jamie Benn is hit by Nazem Kadri.
16:37 of 2nd period - Mats Zuccarello is hit by Kris Letang and loses puck.
17:11 of 2nd period - Minor Penalty to Brady Tkachuk for High sticking.
17:12 of 2nd period - Brayden Schenn wins face-off versus Mika Zibanejad in CAROLINA Hurricanes zone.
17:25 of 2nd period - Shot by Timo Meier.
17:25 of 2nd period - Shot Misses the Net.
18:23 of 2nd period - Shot by Chris Kreider.
18:23 of 2nd period - Shot Misses the Net.
18:25 of 2nd period - Shot by Justin Faulk.
18:25 of 2nd period - Goal by Justin Faulk - NEW YORK Rangers : 2 - CAROLINA Hurricanes : 0.
18:26 of 2nd period - Blake Lizotte wins face-off versus Casey Cizikas in neutral zone.
18:37 of 2nd period - Shot by Blake Lizotte.
18:37 of 2nd period - Goal by Blake Lizotte - NEW YORK Rangers : 2 - CAROLINA Hurricanes : 1.
18:38 of 2nd period - Jamie Benn wins face-off versus Blake Lizotte in neutral zone.
18:48 of 2nd period - Icing by Adam Fox.
18:49 of 2nd period - Blake Lizotte wins face-off versus Casey Cizikas in CAROLINA Hurricanes zone.
18:49 of 2nd period - Blake Lizotte is hit by Ryan Lomberg.
18:56 of 2nd period - Icing by Dante Fabbro.
18:57 of 2nd period - Casey Cizikas wins face-off versus Mika Zibanejad in NEW YORK Rangers zone.
19:13 of 2nd period - Mika Zibanejad is hit by Jacob Middleton and loses puck.
19:27 of 2nd period - Vladislav Namestnikov is hit by Adam Fox and loses puck.
19:34 of 2nd period - Shot by William Nylander.
19:34 of 2nd period - Stopped by Linus Ullmark with a rebound.
19:37 of 2nd period - Mika Zibanejad is hit by Dante Fabbro and loses puck.
19:39 of 2nd period - Minor Penalty to Dante Fabbro for Interference.
19:40 of 2nd period - Nazem Kadri wins face-off versus Jamie Benn in NEW YORK Rangers zone.
Goals for this period are 2 for NEW YORK Rangers vs 1 for CAROLINA Hurricanes.
Shots for this period are 13 for NEW YORK Rangers vs 20 for CAROLINA Hurricanes.

3rd period


0:01 of 3rd period - Jamie Benn wins face-off versus Mika Zibanejad in neutral zone.
0:25 of 3rd period - Shot by Chris Kreider.
0:25 of 3rd period - Stopped by Alexandar Georgiev with a rebound.
0:37 of 3rd period - Shot by Mika Zibanejad.
0:37 of 3rd period - Stopped by Linus Ullmark with a rebound.
0:39 of 3rd period - Shot by Elias Pettersson.
0:39 of 3rd period - Shot Misses the Net.
0:41 of 3rd period - Shot by Adam Fox.
0:41 of 3rd period - Stopped by Linus Ullmark with a rebound.
0:43 of 3rd period - Shot by Mika Zibanejad.
0:43 of 3rd period - Shot Misses the Net.
0:45 of 3rd period - Shot by Adam Fox.
0:45 of 3rd period - Stopped by Linus Ullmark without a rebound.
0:46 of 3rd period - Brayden Schenn wins face-off versus Nazem Kadri in NEW YORK Rangers zone.
0:55 of 3rd period - Justin Faulk is hit by Brady Tkachuk.
1:47 of 3rd period - Icing by Jacob Middleton.
1:48 of 3rd period - Andrew Copp wins face-off versus Mika Zibanejad in NEW YORK Rangers zone.
1:54 of 3rd period - Minor Penalty to Brandon Montour for Delaying the game.
1:55 of 3rd period - Brayden Schenn wins face-off versus Mika Zibanejad in CAROLINA Hurricanes zone.
2:22 of 3rd period - Shot by Justin Faulk.
2:22 of 3rd period - Stopped by Alexandar Georgiev without a rebound.
2:23 of 3rd period - Mika Zibanejad wins face-off versus Jamie Benn in CAROLINA Hurricanes zone.
2:34 of 3rd period - Shot by Cam Fowler.
2:34 of 3rd period - Stopped by Alexandar Georgiev without a rebound.
2:35 of 3rd period - Jamie Benn wins face-off versus Mika Zibanejad in CAROLINA Hurricanes zone.
2:58 of 3rd period - Shot by Justin Faulk.
2:58 of 3rd period - Shot Misses the Net.
3:00 of 3rd period - Shot by Jamie Benn.
3:00 of 3rd period - Stopped by Alexandar Georgiev without a rebound.
3:01 of 3rd period - Lars Eller wins face-off versus Kasperi Kapanen in CAROLINA Hurricanes zone.
4:05 of 3rd period - Icing by Brandon Montour.
4:06 of 3rd period - Lars Eller wins face-off versus Casey Cizikas in CAROLINA Hurricanes zone.
4:06 of 3rd period - Lars Eller is hit by Vladislav Namestnikov.
4:46 of 3rd period - Icing by Adam Fox.
4:47 of 3rd period - Jamie Benn wins face-off versus Lars Eller in CAROLINA Hurricanes zone.
4:52 of 3rd period - Shot by Jamie Benn.
4:52 of 3rd period - Shot Misses the Net.
4:58 of 3rd period - Shot by Chris Kreider.
4:58 of 3rd period - Stopped by Alexandar Georgiev without a rebound.
4:59 of 3rd period - Mika Zibanejad wins face-off versus Brayden Schenn in CAROLINA Hurricanes zone.
5:01 of 3rd period - Icing by Elias Pettersson.
5:02 of 3rd period - Mika Zibanejad wins face-off versus Jamie Benn in CAROLINA Hurricanes zone.
5:57 of 3rd period - Icing by Mika Zibanejad.
5:58 of 3rd period - Mika Zibanejad wins face-off versus Brayden Schenn in CAROLINA Hurricanes zone.
5:58 of 3rd period - Mika Zibanejad is hit by Brayden Schenn.
6:06 of 3rd period - Devon Toews is hit by Brayden Schenn and loses puck.
6:26 of 3rd period - Travis Konecny is hit by Tyler Myers and loses puck.
7:04 of 3rd period - Icing by Tyler Myers.
7:05 of 3rd period - Filip Forsberg wins face-off versus Brayden Schenn in NEW YORK Rangers zone.
7:18 of 3rd period - Shot by Filip Forsberg.
7:18 of 3rd period - Shot Blocked by Cam Fowler.
7:20 of 3rd period - Shot by Filip Forsberg.
7:20 of 3rd period - Shot Blocked by Cam Fowler.
7:22 of 3rd period - Shot by Lars Eller.
7:22 of 3rd period - Shot Misses the Net.
7:24 of 3rd period - Shot by Filip Forsberg.
7:24 of 3rd period - Stopped by Linus Ullmark without a rebound.
7:25 of 3rd period - Jamie Benn wins face-off versus Blake Lizotte in NEW YORK Rangers zone.
7:30 of 3rd period - Shot by Jared Spurgeon.
7:30 of 3rd period - Shot Misses the Net.
7:56 of 3rd period - Minor Penalty to Blake Lizotte for Tripping.
7:57 of 3rd period - Mika Zibanejad wins face-off versus Jamie Benn in CAROLINA Hurricanes zone.
8:10 of 3rd period - Shot by Chris Kreider.
8:10 of 3rd period - Stopped by Alexandar Georgiev with a rebound.
8:12 of 3rd period - Shot by Andrew Copp.
8:12 of 3rd period - Shot Misses the Net.
8:14 of 3rd period - Shot by Chris Kreider.
8:14 of 3rd period - Shot Misses the Net.
10:00 of 3rd period - Brandon Montour is hit by Ryan Lomberg and loses puck.
11:12 of 3rd period - Shot by Lars Eller.
11:12 of 3rd period - Shot Misses the Net.
11:14 of 3rd period - Shot by Lars Eller.
11:14 of 3rd period - Stopped by Linus Ullmark with a rebound.
11:47 of 3rd period - Mika Zibanejad is hit by Justin Faulk and loses puck.
12:01 of 3rd period - Off-side.
12:02 of 3rd period - Jamie Benn wins face-off versus Nazem Kadri in neutral zone.
12:11 of 3rd period - Shot by Jamie Benn.
12:11 of 3rd period - Shot Misses the Net.
12:57 of 3rd period - Shot by David Perron.
12:57 of 3rd period - Stopped by Linus Ullmark without a rebound.
12:58 of 3rd period - Lars Eller wins face-off versus Brayden Schenn in NEW YORK Rangers zone.
14:18 of 3rd period - Shot by Kirill Marchenko.
14:18 of 3rd period - Stopped by Alexandar Georgiev without a rebound.
14:19 of 3rd period - Nazem Kadri wins face-off versus Jamie Benn in CAROLINA Hurricanes zone.
14:19 of 3rd period - Brady Tkachuk is hit by Jamie Benn and loses puck.
14:24 of 3rd period - Shot by Jamie Benn.
14:24 of 3rd period - Stopped by Alexandar Georgiev without a rebound.
14:25 of 3rd period - Jamie Benn wins face-off versus Nazem Kadri in CAROLINA Hurricanes zone.
14:48 of 3rd period - Shot by Jamie Benn.
14:48 of 3rd period - Stopped by Alexandar Georgiev without a rebound.
14:49 of 3rd period - Mika Zibanejad wins face-off versus Andrew Copp in CAROLINA Hurricanes zone.
15:01 of 3rd period - Off-side.
15:02 of 3rd period - Nazem Kadri wins face-off versus Jamie Benn in neutral zone.
15:12 of 3rd period - Icing by Jared Spurgeon.
15:13 of 3rd period - Jamie Benn wins face-off versus Mika Zibanejad in NEW YORK Rangers zone.
15:36 of 3rd period - Adam Fox is hit by Chris Kreider and loses puck.
15:41 of 3rd period - Shot by Jamie Benn.
15:41 of 3rd period - Shot Misses the Net.
15:43 of 3rd period - Shot by Mats Zuccarello.
15:43 of 3rd period - Shot Misses the Net.
15:45 of 3rd period - Shot by Mats Zuccarello.
15:45 of 3rd period - Deflect By Jamie Benn.
15:45 of 3rd period - Stopped by Alexandar Georgiev without a rebound.
15:46 of 3rd period - Brayden Schenn wins face-off versus Nazem Kadri in CAROLINA Hurricanes zone.
16:27 of 3rd period - Shot by Brayden Schenn.
16:27 of 3rd period - Stopped by Alexandar Georgiev with a rebound.
16:46 of 3rd period - Travis Konecny is hit by Jared Spurgeon and loses puck.
16:53 of 3rd period - Shot by Chris Kreider.
16:53 of 3rd period - Shot Misses the Net.
17:01 of 3rd period - Shot by Chris Kreider.
17:01 of 3rd period - Shot Misses the Net.
17:34 of 3rd period - Adam Fox is hit by Chris Kreider and loses puck.
17:36 of 3rd period - Minor Penalty to Jamie Benn for Roughing.
17:37 of 3rd period - Brayden Schenn wins face-off versus Mika Zibanejad in NEW YORK Rangers zone.
17:54 of 3rd period - Shot by William Nylander.
17:54 of 3rd period - Stopped by Linus Ullmark without a rebound.
17:55 of 3rd period - Vladislav Namestnikov wins face-off versus William Nylander in NEW YORK Rangers zone.
18:17 of 3rd period - Shot by Elias Pettersson.
18:17 of 3rd period - Shot Misses the Net.
18:19 of 3rd period - Shot by Elias Pettersson.
18:19 of 3rd period - Shot Blocked by Tyler Myers.
18:21 of 3rd period - Shot by Brandon Montour.
18:21 of 3rd period - Stopped by Linus Ullmark without a rebound.
18:22 of 3rd period - Brayden Schenn wins face-off versus Mika Zibanejad in NEW YORK Rangers zone.
18:35 of 3rd period - CAROLINA Hurricanes, Alexandar Georgiev is pulled from the net.
19:10 of 3rd period - Kris Letang is hit by Justin Faulk and loses puck.
19:29 of 3rd period - Shot by Travis Konecny.
19:29 of 3rd period - Shot Misses the Net.
19:47 of 3rd period - Icing by Niko Mikkola.
19:48 of 3rd period - Alexandar Georgiev from CAROLINA Hurricanes was sent back in the game.
19:48 of 3rd period - Jamie Benn wins face-off versus Mika Zibanejad in CAROLINA Hurricanes zone.
19:48 of 3rd period - Jamie Benn is hit by Rasmus Ristolainen.
19:57 of 3rd period - CAROLINA Hurricanes, Alexandar Georgiev is pulled from the net.
Goals for this period are 0 for NEW YORK Rangers vs 0 for CAROLINA Hurricanes.
Shots for this period are 11 for NEW YORK Rangers vs 8 for CAROLINA Hurricanes. Output by the SimonT Hockey Simulator (STHS) for Martin Benoit - Original Page W3C HTML5 Valid
Hockey Simulator - Hockey Simulation - Hockey Manager